 Dungeon Crawl Stone Soup version 0.22.1-1-ga44c0e56f4 (webtiles) character file.

809 AlolanVulpixel the Skirmisher (level 7, -4/44 HPs)
             Began as a Gargoyle Monk on Sept 25, 2018.
             Slain by an ice beast (9 damage)
             ... on level 5 of the Dungeon.
             The game lasted 00:12:52 (4712 turns).

AlolanVulpixel the Skirmisher (Gargoyle Monk)       Turns: 4712, Time: 00:12:53

Health: -4/44      AC: 15    Str: 15    XL:     7   Next: 92%
Magic:  11/11      EV: 10    Int: 12    God:
Gold:   105        SH:  0    Dex: 12    Spells: 7/11 levels left

rFire    . . .     SeeInvis .   r - -3 long sword (curse)
rCold    . . .     Gourm    .   (no shield)
rNeg     + . .     Faith    .   d - +0 scale mail
rPois    ∞         Spirit   .   t - +2 hat
rElec    +         Reflect  .   b - +0 cloak
rCorr    .         Harm     .   (no gloves)
MR       .....                  (no boots)
Stlth    +.........             (no amulet)
HPRegen  0.14/turn              j - ring of fire
MPRegen  0.12/turn              k - ring of ice

@: no status effects
A: negative energy resistance 1, electricity resistance, unbreathing,
petrification resistance, rot immunity, AC +4
a: no special abilities


You were on level 5 of the Dungeon.
You were not hungry.

You visited 1 branch of the dungeon, and saw 5 of its levels.

You collected 105 gold pieces.

Inventory:

Hand Weapons
 i - a +2 quarterstaff of chaos
 r - a cursed -3 long sword (weapon)
Missiles
 e - 6 tomahawks (quivered)
Armour
 b - a +0 cloak (worn)
 d - a +0 scale mail (worn)
 t - a +2 hat (worn)
Jewellery
 j - a ring of fire (left hand)
 k - a ring of ice (right hand)
Potions
 a - a potion of curing
 h - a potion of might
 l - a potion of brilliance
 n - a potion of invisibility
 o - 2 potions of degeneration
Comestibles
 c - 2 rations


   Skills:
 + Level 4.5 Fighting
 + Level 0.7 Long Blades
   Level 4.3(4.6) Maces & Flails
 + Level 2.3(3.6) Staves
 - Level 0.1 Throwing
 + Level 4.4 Armour
 + Level 3.1 Dodging
 - Level 2.1 Stealth
 * Level 2.8 Spellcasting
 * Level 2.2 Necromancy


You had 7 spell levels left.
You knew the following spells:

 Your Spells              Type           Power        Failure   Level  Hunger
a - Animate Dead          Necr           N/A          98%         4    #####..

Your spell library contained the following spells:

 Spells                   Type           Power        Failure   Level  Hunger
 Animate Skeleton         Necr           N/A          36%         1    #......
 Pain                     Necr           #...         36%         1    #......
 Apportation              Tloc           #.....       67%         1    #......
 Confusing Touch          Hex            #.....       67%         1    #......
 Summon Small Mammal      Summ           #...         67%         1    #......
 Vampiric Draining        Necr           #.........   73%         3    ###....
 Regeneration             Chrm/Necr      #.........   86%         3    ###....


Dungeon Overview and Level Annotations

Branches:
Dungeon (5/15)
 Temple: D:4-7

Altars:
Cheibriados
Fedhas
Uskayaw
Xom
Zin


Innate Abilities, Weirdness & Mutations

You are resistant to torment.
Your stone body is resilient. (AC +4)
You are immune to poison.
You resist negative energy. (rN+)
You are resistant to electric shocks. (rElec)
You can survive without breathing.
You are immune to petrification.
You are immune to rotting.


Message History

You are too injured to fight recklessly!
You barely miss the ice beast.
The ice beast is moderately wounded.
The ice beast completely misses you.
You barely miss the ice beast.
The ice beast is moderately wounded.
The ice beast misses you.
You hit the ice beast but do no damage.
The ice beast is moderately wounded.
The ice beast hits you but does no damage. x2
You hit the ice beast but do no damage.
The ice beast is moderately wounded.
The ice beast hits you. The ice beast freezes you!
* * * LOW HITPOINT WARNING * * *
You barely miss the ice beast.
The ice beast is moderately wounded.
The ice beast hits you.
* * * LOW HITPOINT WARNING * * *
The ice beast freezes you!
You die...

#.#....######.##......#.#
#>###### #..........#.#
###.# #...###.#..### ....#
#..........# #.###
#....##....# #.#
#....#.....# ..#
#....#.....#
..############....#..######
.............#..@.#........
#######......#..Y.#..######
# #......###....## #
#..(...# #....# # #.######
#....# # #<# ..........# #
#.+ ..........# . ###
.......#### . .......#


You could see an ice beast.

Vanquished Creatures
  Menkaure (D:4)
  A phantom (D:5)
  An ogre (D:4)
  2 scorpions
  A jelly (D:5)
  Crazy Yiuf (D:3)
  An orc priest (D:3)
  A hound (D:4)
  Natasha (thrice) (D:3)
  An iguana (D:4)
  A worker ant (D:4)
  A worker ant zombie (D:5)
  7 adders
  An ooze (D:2)
  A worm (D:3)
  3 dart slugs
  3 leopard geckos
  3 orcs
  4 bats
  3 giant cockroaches (D:4)
  8 goblins
  7 hobgoblins
  16 jackals
  A quokka (D:4)
  4 frilled lizards
  15 kobolds
  8 rats
99 creatures vanquished.

Notes
Turn   | Place    | Note
-------+----------+-------------------------------------------
     0 | D:1      | AlolanVulpixel the Gargoyle Monk began the quest for the
                  | Orb.
     0 | D:1      | Reached XP level 1. HP: 14/14 MP: 1/1
   142 | D:1      | Reached XP level 2. HP: 18/19 MP: 2/2
   517 | D:1      | Reached XP level 3. HP: 24/24 MP: 3/3
   673 | D:1      | Reached skill level 1 in Armour
  1055 | D:2      | Reached XP level 4. HP: 26/29 MP: 4/4
  1556 | D:3      | Found a blossoming altar of Fedhas.
  1696 | D:3      | Learned a level 4 spell: Animate Dead
  1710 | D:3      | Reached skill level 1 in Spellcasting
  1731 | D:3      | Noticed Natasha
  1735 | D:3      | Killed Natasha
  1735 | D:3      | Reached XP level 5. HP: 21/33 MP: 6/6
  1868 | D:3      | Noticed Natasha
  1879 | D:3      | Killed Natasha
  2052 | D:3      | Found a runed door.
  2056 | D:3      | Noticed Crazy Yiuf
  2065 | D:3      | Killed Crazy Yiuf
  2065 | D:3      | Reached XP level 6. HP: 11/38 MP: 6/8
  2480 | D:3      | Reached skill level 1 in Necromancy
  2490 | D:3      | Noticed Natasha
  2497 | D:3      | Killed Natasha
  2525 | D:3      | Found a shimmering altar of Xom.
  2694 | D:4      | Noticed Menkaure
  2724 | D:4      | Killed Menkaure
  2724 | D:4      | Reached skill level 1 in Staves
  2724 | D:4      | Reached XP level 7. HP: 27/43 MP: 8/10
  2896 | D:4      | Found a snail-covered altar of Cheibriados.
  3588 | D:4      | Found a hide-covered altar of Uskayaw.
  3595 | D:4      | Found a glowing silver altar of Zin.
  3632 | D:5      | Entered Level 5 of the Dungeon
  4712 | D:5      | Slain by an ice beast

Skill      XL: |  1  2  3  4  5  6  7 |
---------------+----------------------+-----
Armour         | 1 2 3 4 |  4.4
Fighting       | 4 |  4.5
Spellcasting   | 1 2 |  2.8
Maces & Flails | 4 |  4.3
Necromancy     | 1 2 |  2.2
Staves         | 1 2 |  2.3
Dodging        | 3 |  3.1
Long Blades    | |  0.7
Throwing       | |  0.1
Stealth        | |  2.1

Action                   |  1- 3 |  4- 6 |  7- 9 || total
-------------------------+-------+-------+-------++-------
Melee: Mace              |   115 |   136 |       ||   251
       Quarterstaff      |       |    30 |    47 ||    77
       Long sword        |       |       |   193 ||   193
Throw: Tomahawk          |     6 |       |       ||     6
  Use: Scroll            |       |     8 |     5 ||    13
       Potion            |       |     2 |     2 ||     4
  Eat: Ration            |       |     2 |     2 ||     4
       Chunk             |       |       |     2 ||     2
Armor: Scale mail        |    76 |    95 |   183 ||   354
Dodge: Dodged            |    68 |   103 |   147 ||   318
       Rpst.: Long sword |       |       |    44 ||    44
